 Dungeon Crawl Stone Soup version 0.24.0-13-gcf9b319 (webtiles) character file.

Game seed: 3036911626034321721, levelgen mode: deterministic

1975 Bronimir the Tainter (level 9, -10/73 HPs)
             Began as a Naga Venom Mage on Mar 31, 2020.
             Was a Believer of Okawaru.
             Mangled by an orc warrior
             ... wielding a +0 dire flail
              (22 damage)
             ... on level 6 of the Dungeon.
             The game lasted 00:22:45 (10209 turns).

Bronimir the Tainter (Naga Venom Mage)             Turns: 10209, Time: 00:22:45

Health: -10/73     AC:  6    Str: 14    XL:     9   Next: 20%
Magic:  11/17      EV: 10    Int: 16    God:    Okawaru [**....]
Gold:   353        SH:  0    Dex: 11    Spells: 9/19 levels left

rFire    . . .     SeeInvis +   a - +0 spear
rCold    . . .     Gourm    .   (no shield)
rNeg     . . .     Faith    .   E - +0 leather armour
rPois    +         Spirit   .   (no helmet)
rElec    .         Reflect  .   (no cloak)
rCorr    .         Harm     .   y - +0 pair of gloves
MR       +....                  (no barding)
Stlth    ++........             (no amulet)
HPRegen  0.22/turn              (no ring)
MPRegen  0.15/turn              (no ring)

@: very slow
A: large, see invisible, clumsy 1, deformed body, poison resistance, slowness 2,
slow metabolism 1, spit poison 1, strong 1, MP-powered wands, AC +3
a: Spit Poison, Heroism, Renounce Religion


You were on level 6 of the Dungeon.
You worshipped Okawaru.
Okawaru was pleased with you.
You were hungry.

You visited 2 branches of the dungeon, and saw 9 of its levels.

You collected 353 gold pieces.

Inventory:

Hand Weapons
 a - a +0 spear (weapon)
 b - a +0 shortbow
 f - a +0 club
 s - a +1 whip of holy wrath
 O - a +0 battleaxe
Missiles
 d - 139 stones
 x - 26 sling bullets
 A - 4 boomerangs (quivered)
 C - 64 arrows
Armour
 o - a +0 robe
 y - a +0 pair of gloves (worn)
 z - a +0 ring mail
 E - a +0 leather armour (worn)
Jewellery
 m - an uncursed amulet of faith {unknown}
 G - an uncursed ring of positive energy {unknown}
 N - the amulet "Avism" {Inacc Dex+6, unknown}
   (You found it on level 7 of the Dungeon)

   [amulet of inaccuracy]

   It reduces the accuracy of all your attacks.
   It affects your dexterity (+6).
Wands
 q - a wand of flame (12)
Scrolls
 e - 3 scrolls of amnesia
 g - 5 scrolls of remove curse {unknown}
 k - 8 scrolls of identify {unknown}
 l - a scroll of magic mapping {unknown}
 n - a scroll of random uselessness {unknown}
 r - 2 scrolls of fog {unknown}
 v - 2 scrolls of teleportation {unknown}
 B - 2 scrolls of immolation {unknown}
 H - 3 scrolls of enchant weapon {unknown}
 L - a scroll of torment {unknown}
Potions
 h - 3 potions of mutation
 i - 2 potions of ambrosia
 j - a potion of magic
 p - a potion of agility
 t - 2 potions of might
 u - a potion of haste {unknown}
 w - a potion of curing {unknown}
 D - 2 potions of heal wounds {unknown}
 F - a potion of lignification {unknown}
 I - a potion of degeneration {unknown}
 J - a potion of flight {unknown}
 K - a potion of cancellation {unknown}
 M - a potion of brilliance {unknown}
Comestibles
 c - 5 rations


   Skills:
 * Level 2.2 Fighting
 + Level 4.2 Polearms
 + Level 0.8 Throwing
 * Level 3.3 Armour
 + Level 2.5 Dodging
 - Level 3.1 Stealth
 * Level 5.5 Spellcasting
 + Level 4.0 Conjurations
 * Level 8.5 Poison Magic
 * Level 1.2 Invocations


You had 9 spell levels left.
You knew the following spells:

 Your Spells              Type           Power        Failure   Level  Hunger
a - Sting                 Conj/Pois      ###.         1%          1    None
b - Poisonous Vapours     Pois/Air       ###...       4%          2    #......
c - Mephitic Cloud        Conj/Pois/Air  ###.....     10%         3    ###....
d - Olgreb's Toxic Radia  Pois           ####....     5%          4    ####...

Your spell library contained the following spells:

 Spells                   Type           Power        Failure   Level  Hunger
 Venom Bolt               Conj/Pois      ###.......   36%         5    ######.


Dungeon Overview and Level Annotations

Branches:
Dungeon (8/15)             Temple (1/1) D:4
   Lair: D:8-11

Altars:
Ashenzari
Cheibriados
Dithmenos
Elyvilon
Fedhas
Gozag
Hepliaklqana
Okawaru
Qazlal
Ru
Sif Muna
Trog
Uskayaw
Xom
Yredelemnul
Zin
The Shining One


Innate Abilities, Weirdness & Mutations

You cannot wear boots.
Your serpentine skin is tough. (AC +3)
You have supernaturally acute eyesight. (SInv)
Armour fits poorly on your strangely shaped body.
Your system is resistant to poisons. (rPois)
You cover ground very slowly.
You have a slow metabolism.
You can spit poison.
You are clumsy. (Dex -2)
Your muscles are strong. (Str +2)
You expend magic power (3 MP) to strengthen your wands.


Message History

The orc warrior hits you with a +0 dire flail!
The hippogriff bites you. The hippogriff barely misses you. x2
The orc warrior barely misses you. The ogre hits you with a +0 giant club!
The hippogriff bites you. The hippogriff pecks you.
The hippogriff closely misses you.
You climb upwards.
There is a stone staircase leading down here.
The ogre hits you with a +0 giant club!
* * * LOW HITPOINT WARNING * * *
The orc warrior hits you with a +0 dire flail.
* * * LOW HITPOINT WARNING * * *
Casting: Mephitic Cloud (safe; 10% risk of failure)
Confirm with . or Enter, or press ? or * to list all spells.
Okay, then.
As you read the scroll labeled HIEHUZX FIYTOD, it crumbles to dust.
It is a scroll of amnesia.
Really abort (and waste the scroll)?
Okay, then.
The orc warrior hits you with a +0 dire flail!!
You die...

#.####....).#..............
#.# ##........#######.....
#.# ##..###.[..............
#.###...#_#....#######.....
#.##.#..#'#....# ###.#.
#...........##.# #.#.
#...........##.# #.#.
##........#####.# #.#.
#........Oo@.##.# #...
#........>##....# ###.
#.......[.##..#############.
#.<.......##..# #..........
#..###)#####..# #.########.
####<.# #.# #..####.# #.
#.....# #.# #.......# ##
#.##.## #.# ##.####..###
#.##.# #.#
#..........#######


You could see an orc warrior and an ogre.

Vanquished Creatures
  A hippogriff (D:6)
  Edmund (D:6)
  An ice beast (D:6)
  A sky beast (D:5)
  An orc warrior (D:6)
  An ogre (D:5)
  2 centaurs (D:6)
  5 bullfrogs
  A water moccasin skeleton (D:5)
  2 howler monkeys
  A crimson imp (D:5)
  2 jellies
  3 centaur skeletons
  An orc priest (D:5)
  2 hounds (D:7)
  An orc wizard (D:5)
  3 iguanas
  3 worker ants
  2 hound zombies (D:5)
  3 gnolls (D:2)
  9 adders
  2 shadow imps
  An ooze (D:2)
  2 adder zombies
  2 adder skeletons (D:5)
  A worm (D:2)
  5 dart slugs
  9 leopard geckos
  24 orcs
  4 ball pythons
  5 giant cockroaches
  11 goblins
  7 hobgoblins
  6 jackals
  5 quokkas
  3 bats (D:3)
  4 frilled lizards
  A jackal skeleton (D:4)
  A jackal zombie (D:6)
  5 kobolds
  A leopard gecko skeleton (D:4)
  A quokka skeleton (D:5)
  13 rats
159 creatures vanquished.

Vanquished Creatures (collateral kills)
  An orc (D:4)
1 creature vanquished.

Grand Total: 160 creatures vanquished

Notes
Turn   | Place    | Note
-------+----------+-------------------------------------------
     0 | D:1      | Bronimir the Naga Venom Mage began the quest for the Orb.
     0 | D:1      | Reached XP level 1. HP: 15/15 MP: 3/3
   400 | D:1      | Reached XP level 2. HP: 22/22 MP: 3/5
   406 | D:1      | Learned a level 2 spell: Poisonous Vapours
   910 | D:2      | Reached XP level 3. HP: 4/28 MP: 0/6
  1421 | D:2      | Reached skill level 5 in Poison Magic
  1428 | D:2      | Reached XP level 4. HP: 23/36 MP: 0/7
  1612 | D:2      | Reached skill level 1 in Armour
  1728 | D:2      | Reached XP level 5. HP: 31/42 MP: 0/9
  1884 | D:2      | Found a shimmering blue altar of Sif Muna.
  2269 | D:3      | Noticed a phantom
  2509 | D:2      | Learned a level 3 spell: Mephitic Cloud
  2514 | D:2      | Learned a level 4 spell: Olgreb's Toxic Radiance
  4429 | D:4      | Reached skill level 6 in Poison Magic
  4429 | D:4      | Reached XP level 6. HP: 26/50 MP: 4/11
  4443 | D:5      | Entered Level 5 of the Dungeon
  5648 | D:4      | Found a hide-covered altar of Uskayaw.
  5648 | D:4      | Noticed a +0 hand axe
  5648 | D:4      | Noticed a +0 dagger
  5752 | D:4      | Found a staircase to the Ecumenical Temple.
  5784 | Temple   | Entered the Ecumenical Temple
  6021 | Temple   | Became a worshipper of Warmaster Okawaru
  6178 | D:4      | Found a snail-covered altar of Cheibriados.
  6411 | D:5      | Found a hazy altar of Hepliaklqana.
  6483 | D:5      | Reached skill level 1 in Polearms
  6483 | D:5      | Reached XP level 7. HP: 40/56 MP: 12/12
  6595 | D:5      | Reached skill level 1 in Fighting
  7321 | D:5      | Found an opulent altar of Gozag.
  7358 | D:5      | Found a glowing silver altar of Zin.
  7475 | D:5      | Reached * piety under Okawaru
  7792 | D:5      | Reached XP level 8. HP: 53/64 MP: 6/14
  8377 | D:6      | Reached skill level 7 in Poison Magic
  8842 | D:6      | Found a basalt altar of Yredelemnul.
  8849 | D:6      | Found a shimmering altar of Xom.
  8902 | D:6      | Noticed Edmund
  8928 | D:6      | Killed Edmund
  8928 | D:6      | Reached ** piety under Okawaru
  8954 | D:6      | Reached skill level 5 in Spellcasting
  8981 | D:6      | Noticed a hippogriff
  8997 | D:6      | Killed a hippogriff
  8997 | D:6      | Reached skill level 8 in Poison Magic
  9138 | D:6      | Gained mutation: Your muscles are strong. (Str +2) [potion
                  | of mutation]
  9138 | D:6      | Gained mutation: You are clumsy. (Dex -2) [potion of
                  | mutation]
  9138 | D:6      | Gained mutation: You expend magic power (3 MP) to
                  | strengthen your wands. [potion of mutation]
  9156 | D:6      | Reached XP level 9. HP: 26/73 MP: 14/16
  9840 | D:7      | Reached skill level 1 in Invocations
  9937 | D:7      | Got a slimy emerald amulet
 10209 | D:6      | Mangled by an orc warrior

Levels and vault maps discovered:
D:1:      scummos_arrival_simple_crosswalls, layout_loops_cross
D:2:      layout_basic, old_standard_altar
D:3:      layout_basic, overflow_temple_1_default
D:4:      layout_basic, dancing_weapons_uskayaw, kennysheep_slug_shrine,
          minmay_temple_entry_glass, first_ration, serial_glass,
          glass_columns_a, glass_columns_b, glass_columns_c, glass_columns_c,
          glass_columns_b, minmay_crystal_room
D:5:      layout_gridville, grunt_temple_overflow_gold_and_silver,
          old_standard_altar, minmay_puff
D:6:      layout_loops_ring, kennysheep_mini_moat, lemuel_tele_altar,
          uniq_edmund
D:7:      layout_cave_pools
D:8:      layout_basic, kennysheep_little_box, lemuel_crystal_altar,
          lair_entry_dummy, hangedman_decor_diamond_cutter, uniq_erica,
          uniq_prince_ribbit1
Temple:   nicolae_temple_figure_zero

Skill      XL: |  1  2  3  4  5  6  7  8  9 |
---------------+----------------------------+-----
Poison Magic   | 5 6 8 |  8.5
Armour         | 1 2 3 |  3.3
Conjurations   | 2 3 4 |  4.0
Spellcasting   | 3 4 5 |  5.5
Dodging        | 2 |  2.5
Polearms       | 1 3 4 |  4.2
Fighting       | 1 2 |  2.2
Invocations    | 1 |  1.2
Throwing       | |  0.8
Stealth        | |  3.1

Action                   |  1- 3 |  4- 6 |  7- 9 || total
-------------------------+-------+-------+-------++-------
Melee: Unarmed           |     5 |       |       ||     5
       Club              |     3 |       |       ||     3
       Whip              |     2 |    32 |       ||    34
       Spear             |       |   113 |   333 ||   446
Throw: Throwing net      |     1 |       |       ||     1
       Stone             |     1 |     1 |       ||     2
       Boomerang         |       |     3 |    13 ||    16
 Cast: Sting             |    25 |    64 |    18 ||   107
       Poisonous Vapours |     4 |    29 |    18 ||    51
       Mephitic Cloud    |       |     8 |    22 ||    30
       Olgreb's Toxic Ra |       |     3 |     7 ||    10
Invok: Heroism           |       |       |     2 ||     2
 Abil: Spit Poison       |    18 |    37 |    16 ||    71
Evoke: Wand              |       |     5 |       ||     5
  Use: Potion            |       |       |     5 ||     5
       Scroll            |       |       |     1 ||     1
 Stab: Sleeping          |       |     2 |     2 ||     4
       Confused          |       |     1 |    18 ||    19
  Eat: Chunk             |     2 |    11 |    10 ||    23
       Ration            |       |     2 |     1 ||     3
Armor: Robe              |     3 |    48 |    16 ||    67
       Leather armour    |       |       |    99 ||    99
Dodge: Dodged            |    11 |   118 |   176 ||   305
